 Dungeon Crawl Stone Soup version 0.21.1 (webtiles) character file.

87 antender the Conjurer (level 4, -3/33 HPs)
             Began as a Draconian Conjurer on Feb 2, 2018.
             Slain by an orc
             ... wielding a +1 whip of freezing
              (6 damage)
             ... on level 3 of the Dungeon.
             The game lasted 00:06:10 (2618 turns).

antender the Conjurer (Draconian Conjurer)          Turns: 2618, Time: 00:06:11

Health: -3/33      AC:  5    Str: 10    XL:     4   Next: 28%
Magic:  4/7        EV: 12    Int: 17    God:
Gold:   129        SH:  0    Dex: 11    Spells: 4/7 levels left

rFire    . . .     SeeInvis .   o - +1 mace (drain)
rCold    . . .     Gourm    .   (no shield)
rNeg     . . .     Faith    .   (armour unavailable)
rPois    .         Spirit   .   (helmet restricted)
rElec    .         Reflect  .   (no cloak)
rCorr    .         Harm     .   (no gloves)
MR       .....                  (no boots)
Stlth    ++........             (no amulet)
HPRegen  0.11/turn              (no ring)
MPRegen  0.10/turn              (no ring)

@: no status effects
A: unfitting armour, cold-blooded, AC +5
a: no special abilities


You were on level 3 of the Dungeon.
You were hungry.

You visited 1 branch of the dungeon, and saw 3 of its levels.

You collected 129 gold pieces.

Inventory:

Hand Weapons
 o - a +1 mace of draining (weapon)
Jewellery
 d - an uncursed ring of magical power {unknown}
Scrolls
 c - a scroll of magic mapping {unknown}
 e - a scroll of fear {unknown}
 f - a scroll of fog {unknown}
 g - a scroll of remove curse {unknown}
 h - 2 scrolls of identify {unknown}
 m - a scroll of enchant weapon {unknown}
 n - a scroll of teleportation {unknown}
Potions
 i - 2 potions of magic {unknown}
 j - a potion of brilliance {unknown}
 k - a potion of lignification {unknown}
 l - 2 potions of haste {unknown}
 q - 2 potions of mutation {unknown}
Books
 a - a book of Conjurations

   Spells                             Type                      Level
   a - Magic Dart                     Conjuration                  1
   b - Searing Ray                    Conjuration                  2
   c - Dazzling Spray                 Conjuration/Hexes            3
   d - Fulminant Prism                Conjuration/Hexes            4
   e - Force Lance                    Conjuration/Translocation    4
   f - Iskenderun's Mystic Blast      Conjuration                  4
Comestibles
 b - 3 rations


   Skills:
 - Level 1.7 Dodging
 - Level 1.7 Stealth
 - Level 2.0 Spellcasting
 + Level 5.8 Conjurations


You had 4 spell levels left.
You knew the following spells:

 Your Spells              Type           Power        Failure   Level  Hunger
a - Magic Dart            Conj           ###.         1%          1    #......
b - Searing Ray           Conj           ###...       2%          2    ###....


Dungeon Overview and Level Annotations

Branches:
Dungeon (3/15)

Altars:

Annotations:
D:3 Zhenya24pyc's ghost, amateur GrFi


Innate Abilities, Weirdness & Mutations

Your plain brown scales are hard. (AC +5)
You cannot fit into any form of body armour.
You are cold-blooded and may be slowed by cold attacks.


Message History

Press: ? - help, Shift-Dir - straight line, f/p - orc
Aim: an orc, wielding a club and wearing a chain mail (moderately wounded)
The magic dart hits the orc.
The orc is moderately wounded.
An orc wizard comes into view. It is wielding a short sword.
An orc comes into view. It is wielding a whip of freezing.
The orc wizard shouts!
The orc shouts!
You hear a shout! x2
The orc priest mumbles some strange prayers to Beogh against you.
Beogh smites you!
You hear a shout!
An orc wizard comes into view. It is wielding a vampiric short sword.
The orc priest mumbles some strange prayers to Beogh against you.
Beogh smites you!
* * * LOW HITPOINT WARNING * * *
You closely miss the orc wizard.
You tail-slap the orc wizard, but do no damage.
The orc wizard completely misses you.
The orc wizard hits you but does no damage.
The orc hits you with a whip of freezing.
You die...

#... ... ##### ...
#...# # #.# #.#.#.#
#.# #.#.#.# #
#.###.#.#.#
....####.o.ooo...#####
....o.oo..)@..[.......
....o#########.#.....
### #.# ### #.# ###
#.# .... #.# ..... #.#
......### #<#
......... ###
......###


You could see an orc priest, 2 orc wizards and 5 orcs.

Vanquished Creatures
  An adder (D:3)
  2 worms (D:2)
  3 dart slugs
  5 orcs (D:3)
  5 bats
  2 giant cockroaches (D:1)
  10 goblins
  4 hobgoblins
  4 jackals
  4 kobolds
  2 quokkas
  3 ball pythons
  6 frilled lizards (D:1)
  8 rats (D:1)
59 creatures vanquished.

Notes
Turn   | Place    | Note
-------+----------+-------------------------------------------
     0 | D:1      | antender the Draconian Conjurer began the quest for the Orb.
     0 | D:1      | Reached XP level 1. HP: 14/14 MP: 3/3
    84 | D:1      | Reached XP level 2. HP: 20/20 MP: 0/5
   564 | D:1      | Reached skill level 5 in Conjurations
   638 | D:1      | Reached XP level 3. HP: 26/26 MP: 3/6
  1091 | D:2      | Learned a level 2 spell: Searing Ray
  2033 | D:3      | Noticed Zhenya24pyc's ghost (amateur GrFi)
  2115 | D:2      | Reached XP level 4. HP: 4/33 MP: 3/7
  2618 | D:3      | Slain by an orc

Skill      XL: |  1  2 |
---------------+-------+-----
Conjurations   | 5 |  5.8
Dodging        | |  1.7
Stealth        | |  1.7
Spellcasting   | |  2.0

Action                   |  1- 3 |  4- 6 || total
-------------------------+-------+-------++-------
Melee: Unarmed           |    56 |       ||    56
       Tailslap          |    10 |     3 ||    13
       Mace              |    32 |    16 ||    48
 Cast: Magic Dart        |   100 |    16 ||   116
  Eat: Chunk             |     5 |     2 ||     7
Armor: Skin              |    39 |     9 ||    48
Dodge: Dodged            |    84 |    13 ||    97
